Map: Parasitismo LE

Players

Vicster - Winner!

  • Race: Terran Terran
  • League: Gold
  • Spawn Location: 5:00

JahWarriOr

  • Race: Terran Terran
  • Spawn Location: 11:00

VOD

Have the link to the VOD?

Description

Time

  • Played on: Jan. 5, 2019, 11:52 a.m.
  • Length: 7:33
Show
View Real Time Build Order
Export as new Build Order

Vicster Terran - Winner!

Build Orders:  

Get SALT Encoding   

  12  0:01  SCV  
  13  0:13  SCV  
  14  0:18  Supply Depot  
  14  0:25  SCV  
  15  0:31  Refinery  
  15  0:40  SCV  
  16  0:45  Barracks  
  16  0:52  SCV  
  18  1:04  SCV  
  18  1:16  SCV  
  19  1:28  SCV  
  19  1:32  Reaper  
  21  1:40  Orbital Command  
  21  1:51  Command Center  
  21  2:05  Factory  
  21  2:10  Barracks Reactor  
  21  2:16  Supply Depot  
  21  2:19  Refinery  
  21  2:23  SCV  
  22  3:03  Orbital Command  
  22  3:08  Marine x2, Bunker  
  22  3:09  Factory Tech Lab  
  24  3:13  Barracks  
  24  3:14  SCV  
  24  3:16  Barracks  
  25  3:26  Marine x2  
  27  3:28  Siege Tank  
  30  3:35  SCV  
  30  3:37  SCV  
  32  3:44  Marine x2  
  32  3:47  SCV  
  35  3:49  SCV  
  36  3:59  SCV  
  36  4:01  SCV  
  36  4:02  Marine, Siege Tank  
  42  4:04  Barracks Tech Lab  
  42  4:05  Barracks Tech Lab  
  42  4:13  Supply Depot  
  42  4:16  Supply Depot  
  42  4:20  SCV  
  42  4:21  SCV  
  44  4:26  Marine x2  
  46  4:34  Stimpack  
  46  4:35  SCV x2, Siege Tank  
  51  4:46  Refinery  
  51  4:47  Refinery  
  51  4:48  Combat Shield  
  51  4:54  Supply Depot  
  51  4:58  SCV  
  52  5:01  SCV  
  53  5:10  SCV  
  53  5:13  SCV  
  53  5:14  Marine x4  
  56  5:17  Supply Depot  
  59  5:21  Starport  
  59  5:24  Siege Tank  
  62  5:31  Marine x2  
  62  5:32  Marine x2  
  62  5:34  Supply Depot  
  66  5:37  SCV  
  66  5:38  SCV  
  68  5:49  Marine x3, SCV  
  71  5:50  SCV  
  70  6:34  SCV x2  
  72  6:46  SCV x2  
  74  6:56  Marine x2  
  74  6:57  Marauder x2  
  74  6:58  SCV, Siege Tank  
  74  6:59  SCV  
  85  7:04  Supply Depot  
  85  7:09  Supply Depot  
  85  7:10  SCV  
  85  7:11  Supply Depot  
  85  7:15  Starport Reactor, Engineering Bay  
  86  7:17  Armory, Engineering Bay  
  86  7:25  Barracks  
  86  7:26  Supply Depot  
  86  7:27  Barracks, Supply Depot  
  86  7:28  Barracks  
Show
View Real Time Build Order
Export as new Build Order

JahWarriOr Terran 

Build Orders:  

Get SALT Encoding   

  12  0:01  SCV  
  13  0:14  SCV  
  14  0:26  SCV  
  15  0:28  Supply Depot  
  15  0:50  SCV  
  15  0:52  Barracks  
  16  0:58  Supply Depot  
  16  1:02  SCV  
  17  1:09  Refinery  
  17  1:13  Refinery  
  17  1:14  SCV  
  18  1:24  Barracks  
  18  1:26  SCV  
  19  1:46  Orbital Command  
  19  1:55  Barracks Tech Lab  
  19  2:04  Bunker  
  19  2:19  Reaper  
  20  2:24  SCV  
  20  2:25  Barracks Tech Lab  
  21  2:33  Command Center  
  21  2:36  SCV  
  20  3:07  SCV  
  20  3:08  Marine  
  22  3:19  SCV  
  23  3:21  Factory  
  23  3:31  SCV  
  24  3:37  Marauder  
  26  3:46  Marauder  
  28  3:55  Supply Depot  
  28  3:59  Marauder  
  30  4:17  Orbital Command  
  30  4:20  Barracks Reactor  
  30  4:25  Supply Depot  
  30  4:28  SCV  
  31  4:35  Siege Tank  
  33  4:40  SCV  
  34  4:46  Marauder  
  36  5:07  Barracks  
  36  5:13  Barracks  
  36  5:22  Engineering Bay  
  36  5:28  Siege Tank  
  39  5:29  Marine  
  39  5:30  Marine  
  39  5:31  Marine  
  42  5:47  Marine  
  42  5:49  Marine, Supply Depot  
  44  6:00  Siege Tank  
  41  6:06  Marine  
  42  6:32  Siege Tank  
  41  6:40  Marine  
  41  6:41  Marine  
  41  6:42  Barracks Tech Lab  
  41  6:43  Barracks Tech Lab  
  43  6:58  Marine  
  44  7:04  Marauder  
Tags
 
League
Gold
Matchup
TvT
Race
Terran
Replay Pack
Vicster replay
Spawn Locations
Cross Positions
Add a new tag
Caveats
  • Supply blocks, unpowered buildings, or Contaminate may cause inaccurate times.
  • Supply counts are checked every 10 seconds.